 Dungeon Sprint DCSS version 0.29.1-4-g47bece8355 (webtiles) character file.

Game seed: 13497027456528213671

275 boopmooplesden the Cleaver (level 6, -9/66 HPs)
             Began as a Minotaur Berserker on Dec 7, 2022.
             Was a Believer of Trog.
             Mangled by a slime creature (14 damage)
             ... in the Dungeon (Sprint I: "Red Sonja").
             The game lasted 00:00:33 (345 turns).

boopmooplesden the Cleaver (Minotaur Berserker)      Turns: 345, Time: 00:00:34

Health: -9/66      AC:  3    Str: 24    XL:     6   Next: 3%
Magic:  5/5        EV: 12    Int:  4    God:    Trog [**....]
Gold:   162        SH:  0    Dex:  9    Spells: 5/5 levels left

rFire   . . .      SeeInvis .   a - +0 hand axe
rCold   . . .      Faith    .   (no shield)
rNeg    . . .      Spirit   .   j - +0 leather armour
rPois   .          Reflect  .   (helmet restricted)
rElec   .          Harm     .   (no cloak)
rCorr   .          Rampage  .   (no gloves)
Will    ++...      NoTele   +   (no boots)
Stlth   +.........              (no amulet)
HPRegen 1.21/turn               (no ring)
MPRegen 0.09/turn               (no ring)

@: strong-willed, regenerating
A: horns 2, retaliatory headbutt
a: Renounce Religion, Berserk, Trog's Hand


You were in the Dungeon.
You worshipped Trog.
Trog was pleased with you.
You visited 1 branch You collected 162 gold pieces.

Inventory:

Hand Weapons
 a - a +0 hand axe (weapon)
Armour
 b - a +0 animal skin
 j - a +0 leather armour (worn)
Wands
 i - a wand of paralysis (7)
Scrolls
 h - a scroll of blinking
Potions
 c - a potion of curing
 d - a potion of heal wounds
 e - a potion of haste
 f - 2 potions of magic
 g - a potion of berserk rage


   Skills:
 + Level 9.8 Fighting
 + Level 10.4 Axes
 + Level 5.3 Armour
 + Level 5.1 Dodging


You had 5 spell levels left.
You didn't know any spells.
Your spell library was empty.

Dungeon Overview and Level Annotations

Branches:
Dungeon (1/1)

Altars:
Makhleb
Xom
Jiyva
Lugonu


Innate Abilities, Weirdness & Mutations

You have a pair of horns on your head.
You reflexively headbutt those who attack you in melee.


Message History

There is an open door here.
You now have 81 gold pieces (gained 27).
You now have 108 gold pieces (gained 27).
You now have 135 gold pieces (gained 27).
You now have 162 gold pieces (gained 27).
You start waiting.
You feel yourself speed up. As you open the door, it creaks loudly!
A slime creature comes into view.
The slime creature quivers.
Found four altars.
The slime creature hits you!
There is an open door, spattered with blood here.
You slash the slime creature!
The slime creature is lightly wounded.
The slime creature hits you!!
You slash the slime creature!
The slime creature is moderately wounded.
The slime creature misses you.
You barely miss the slime creature.
You headbutt the slime creature, but do no damage.
The slime creature is lightly wounded.
The slime creature hits you!
* * * LOW HITPOINT WARNING * * *
The slime creature attacks as you move away!
The slime creature misses you. You furiously retaliate!
You headbutt the slime creature!
There is an open door here.
Things that are here:
a +0 scythe; a +0 robe Your skin crawls.
You feel strong-willed.
You recover from your berserk rage.
The slime creature hits you!!
* * * LOW HITPOINT WARNING * * *
The slime creature attacks as you move away!
The slime creature hits you but does no damage.
There is an open door here.
The slime creature attacks as you move away!
The slime creature hits you!
You die...

###################
#<.#..)..#.)'..#__#
#..)..#.@J..#..'..+
#..#####'#####+#__#
#..# #..# ### #..#
#### #..# #⌠⌠# ####


You could see a slime creature.

Vanquished Creatures
  Sigmund (D)
  An ogre (D)
  Ijyb (D)
3 creatures vanquished.

Notes
Turn   | Place    | Note
-------+----------+-------------------------------------------
     0 | D        | boopmooplesden the Minotaur Berserker began the quest for
                  | the Orb.
     0 | D        | Reached XP level 1. HP: 19/19 MP: 0/0
     1 | D        | Noticed Ijyb
     2 | D        | Paralysed by Ijyb for 4 turns
    11 | D        | Killed Ijyb
    12 | D        | Reached skill level 5 in Fighting
    12 | D        | Reached skill level 5 in Axes
    12 | D        | Reached XP level 2. HP: 29/29 MP: 1/1
   160 | D        | Noticed an ogre
   166 | D        | Killed an ogre
   167 | D        | Reached skill level 8 in Axes
   167 | D        | Reached XP level 3. HP: 40/40 MP: 2/2
   167 | D        | Reached XP level 4. HP: 48/48 MP: 3/3
   296 | D        | Noticed Sigmund
   306 | D        | Killed Sigmund
   306 | D        | Reached ** piety under Trog
   307 | D        | Reached skill level 10 in Axes
   307 | D        | Reached skill level 5 in Armour
   307 | D        | Reached skill level 5 in Dodging
   307 | D        | Reached XP level 5. HP: 58/58 MP: 4/4
   307 | D        | Reached XP level 6. HP: 66/66 MP: 5/5
   332 | D        | Found a burning altar of Makhleb.
   332 | D        | Found a viscous altar of Jiyva.
   332 | D        | Found a shimmering altar of Xom.
   332 | D        | Found a corrupted altar of Lugonu.
   332 | D        | Noticed a slime creature
   341 | D        | HP: 1/66 [slime creature (19)]
   345 | D        | Mangled by a slime creature

Illustrated notes

Levels and vault maps discovered:
D:        dungeon_sprint_1 [red_sonja_temple_1, red_sonja_temple_small_1]

Skill      XL: |  1  2  3  4 |
---------------+-------------+-----
Fighting       | 5 7 9 |  9.8
Axes           | 5 8 10 | 10.4
Armour         | 3 4 5 |  5.3
Dodging        | 3 4 5 |  5.1

Action                   |  1- 3 |  4- 6 || total
-------------------------+-------+-------++-------
Melee: Hand axe          |    11 |    10 ||    21
       Headbutt          |     2 |     3 ||     5
Invok: Berserk           |     2 |     1 ||     3
       Trog's Hand       |       |     1 ||     1
Armor: Animal skin       |     1 |       ||     1
       Leather armour    |       |     1 ||     1
Dodge: Dodged            |     2 |     6 ||     8
